AoeStats
← Oldspice

Nomad

510006703Analyzed
3v3 RM · 3d ago on Sep 29, 2026· 41m 41s· 6 players
Game mode
Random Map
Map size
210×210
Population
200
Speed
Normal
Resources
Standard
Victory
Conquest
Starting age
Dark Age
Ending age
Imperial Age
RankedLock teamsTeams togetherTeam positionsShared explorationLock speedFull tech treeHidden civsTurbo modeCheats
Victory
Defeat
🇦🇷 Koreans · Argentina
1600
+12
🇲🇽 Malians · Mexico
1578
+13
🇲🇽 Varangians · Mexico
1458
+18
🇨🇦 Muisca · Canada
1594
-17
🇺🇸 Berbers · United States
1526
-15
🇺🇸 Malians · United States
1423
-11
Oldspice
5:32 Loom
13:05 Feudal Age
18:19 Castle Age
16:31 Stone Mining
20:06 Fletching
23:02 Wheelbarrow
23:07 Bodkin Arrow
30:36 Horse Collar
32:20 Gold Mining
Dr. Pipe
16:30 Feudal Age
22:05 Castle Age
20:08 Double-Bit Axe
21:11 Horse Collar
21:23 Stone Mining
21:27 Gold Mining
22:05 Forging
22:59 Scale Mail Armor
23:35 Iron Casting
23:02 Heavy Plow
23:15 Bow Saw
23:51 Squires
26:53 Loom
32:34 Arson
33:42 Chain Mail Armor
IVIUSTANG
6:13 Loom
14:10 Feudal Age
19:00 Castle Age
18:32 Double-Bit Axe
19:45 Fishing Lines
20:20 Bow Saw
20:32 Fletching
21:40 Town Watch
22:23 Horse Collar
25:05 Gold Mining
25:39 Bodkin Arrow
26:25 Padded Archer Armor
29:27 Leather Archer Armor
29:54 Wheelbarrow
30:00 Wheelbarrow
30:08 Gold Shaft Mining
33:16 Imperial Age
35:24 Bracer
36:30 Conscription
panzasmagno
8:51 Loom
13:24 Feudal Age
13:54 Feudal Age
15:00 Fishing Lines
17:34 Castle Age
15:51 Double-Bit Axe
17:38 Town Watch
19:17 Fletching
20:07 Scale Mail Armor
22:14 Bow Saw
22:58 Forging
24:18 Gold Mining
29:33 Imperial Age
28:10 Stone Mining
28:54 Gillnets
30:31 Bodkin Arrow
36:19 Chain Mail Armor
36:35 Conscription
38:19 Wheelbarrow
38:42 Gold Shaft Mining
39:19 Horse Collar
40:29 Iron Casting
41:14 Plate Mail Armor
DiegoRH7955
11:13 Loom
13:28 Feudal Age
18:17 Castle Age
17:06 Double-Bit Axe
20:11 Fletching
24:42 Bodkin Arrow
28:00 Fishing Lines
29:21 Bow Saw
30:20 Gillnets
34:29 Imperial Age
34:06 Wheelbarrow
36:22 Chemistry
36:53 Two-Man Saw
36:44 Ballistics
38:08 Bracer
42:13 Careening
DiegoRasta
6:58 Loom
11:08 Loom
13:17 Feudal Age
17:21 Castle Age
16:47 Double-Bit Axe
18:18 Bow Saw
18:02 Horse Collar
18:32 Forging
18:14 Fletching
25:15 Stone Mining
25:18 Gold Mining
26:18 Wheelbarrow
29:17 Hand Cart
29:34 Bodkin Arrow
32:47 Imperial Age
31:01 Ballistics
32:08 Gold Shaft Mining
32:09 Stone Shaft Mining
31:53 Husbandry
32:29 Thumb Ring
33:37 Bracer
33:00 Elite War Wagon
34:47 Chemistry
34:58 Conscription
36:13 Masonry
37:47 Two-Man Saw
36:48 Heavy Plow
Connection lost

Rejoining the realm…

Still unreachable

The connection could not be restored.

Session expired

The server has moved on; the page needs a fresh start.